Map: Battle on the Boardwalk LE

Players

Sugar - Winner!

  • Race: Terran Terran
  • League: Diamond
  • Spawn Location: 1:00

A.I. 1 (Very Easy)

  • Race: Terran Terran
  • Spawn Location: 11:00

VOD

Have the link to the VOD?

Description

Time

  • Played on: Dec. 31, 2017, 11:51 p.m.
  • Length: 6:49
Show
View Real Time Build Order
Export as new Build Order

Sugar Terran - Winner!

Build Orders:  

Get SALT Encoding   

  12  0:00  SCV  
  13  0:12  SCV  
  14  0:18  Supply Depot  
  14  0:25  SCV  
  15  0:40  SCV, Barracks  
  16  0:45  Refinery  
  16  0:52  SCV  
  18  1:04  SCV  
  18  1:16  SCV  
  19  1:28  Marine  
  19  1:29  Orbital Command  
  20  1:43  Command Center  
  20  1:47  Marine  
  21  1:54  SCV  
  22  2:01  Supply Depot  
  22  2:06  SCV  
  23  2:15  Barracks  
  23  2:17  Barracks Tech Lab  
  23  2:23  SCV  
  23  2:26  Refinery  
  24  2:35  SCV  
  25  2:40  Stimpack  
  26  2:45  Marauder  
  26  2:47  SCV  
  28  2:56  Orbital Command  
  28  2:59  SCV  
  28  3:04  Barracks Reactor  
  28  3:05  Factory  
  29  3:11  SCV  
  30  3:14  Marauder  
  32  3:22  SCV  
  32  3:23  SCV  
  34  3:34  SCV  
  34  3:36  SCV  
  34  3:39  Marauder  
  34  3:40  Marine x2  
  40  3:47  SCV  
  41  3:50  Starport, Factory Tech Lab  
  41  3:51  SCV  
  42  3:56  Refinery  
  42  3:58  Marine x2  
  42  3:59  SCV  
  45  4:06  Supply Depot  
  45  4:10  Supply Depot  
  45  4:20  SCV  
  46  4:28  SCV, Siege Tank, Marine x2, Marauder  
  46  4:30  Starport Reactor  
  54  4:33  Supply Depot  
  54  4:37  Supply Depot x2  
  54  4:46  Marine x2  
  54  4:50  Marauder  
  54  4:52  SCV  
  59  4:53  SCV  
  59  4:57  Supply Depot  
  60  5:00  Siege Tank, Supply Depot  
  60  5:01  Supply Depot  
  60  5:06  SCV  
  65  5:07  SCV  
  65  5:09  Medivac x2  
  69  5:14  Marauder  
  69  5:15  Marine  
  69  5:16  Marine  
  74  5:28  SCV  
  74  5:29  SCV  
  74  5:33  Command Center  
  75  5:39  Cyclone  
  75  5:41  Marine  
  75  5:42  Marine  
  80  5:45  Marauder  
  80  5:46  Concussive Shells  
Show
View Real Time Build Order
Export as new Build Order

A.I. 1 (Very Easy) Terran 

Build Orders: Reaper Expand 

Get SALT Encoding   

  12  0:00  SCV  
  13  0:13  SCV  
  14  0:18  Supply Depot  
  14  0:41  Barracks  
  14  1:02  Command Center  
  14  1:28  Marine  
  14  1:29  Supply Depot  
  14  1:30  Orbital Command  
  15  1:38  Refinery  
  15  1:49  Refinery  
  15  1:56  SCV  
  16  2:08  SCV  
  17  2:15  SCV  
  18  2:18  Reaper  
  18  2:22  SCV  
  20  2:29  SCV  
  21  2:37  SCV, Refinery  
  22  2:44  SCV  
  24  2:51  SCV  
  24  2:58  SCV  
  24  3:04  Marine  
  26  3:05  SCV  
  27  3:13  SCV  
  27  3:19  Factory  
  28  3:20  SCV  
  29  3:43  Refinery  
  29  3:45  SCV  
  30  3:50  Marine  
  30  3:52  SCV  
  32  3:57  Supply Depot  
  32  3:59  SCV  
  33  4:06  Starport, SCV  
  33  4:09  Barracks Tech Lab  
  34  4:13  SCV  
  35  4:20  SCV  
  36  4:28  SCV  
  37  4:31  Supply Depot  
  37  4:35  SCV  
  37  4:36  Marauder  
  40  4:42  SCV, Starport Tech Lab  
  41  4:49  SCV  
  42  4:56  SCV  
  43  5:03  Raven  
  43  5:04  SCV  
  46  5:11  SCV  
  47  5:18  SCV  
  48  5:21  Marine  
  49  5:46  Raven  
  51  6:04  Hellion  
  48  6:06  Supply Depot  
  48  6:08  SCV  
  26  6:23  SCV  
  25  6:32  Supply Depot  
  16  6:33  Barracks Tech Lab  
Tags
 
Add a new tag
Caveats
  • Supply blocks, unpowered buildings, or Contaminate may cause inaccurate times.
  • Supply counts are checked every 10 seconds.